 Dungeon Crawl Stone Soup version 0.14-a0-2632-gd2f732a (webtiles) character file.

120 4tharraofdagon the Covered (level 4, 0/35 HPs)
             Began as a Djinni Fighter on Feb 15, 2014.
             Was an Initiate of Zin.
             Slain by an ogre
             ... wielding a +0,+0 giant club
              (17 damage)
             ... on Level 5 of the Dungeon.
             The game lasted 00:05:16 (765 turns).

4tharraofdagon the Covered (Djinni Fighter)          Turns: 765, Time: 00:05:16

HP   0/35        AC 10     Str 17      XL: 4   Next: 15%
MP   0/0         EV  6     Int  8      God: Zin [......]
Gold 42          SH 18     Dex 13      Spells:  0 memorised,  3 levels left

rFire  + + +     SeeInvis .     k - +0 scimitar
rCold  x . .     Clarity  .     b - +0 scale mail
rNeg   + + +     Conserve .     c - +0 shield
rPois  .         rCorr    .     (no helmet)
rElec  .         rRot     .     j - +1 dwarf cloak
SustAb . .       Spirit   .     i - +0 pair of gloves
rMut   .         Warding  .     (boots unavailable)
Saprov . . .     Stasis   .     (no amulet)
MR     .....                    (no ring)
                                (no ring)

@: flying, not resistant to hostile enchantments, extremely unstealthy
A: fire immunity, cold vulnerability, life protection 3
a: Renounce Religion


You were on level 5 of the Dungeon.
You worshipped Zin.
Zin was noncommittal.
You were not hungry.

You visited 1 branch of the dungeon, and saw 5 of its levels.

You collected 46 gold pieces.
You donated 4 gold pieces.

Inventory:

Hand weapons
 a - a +0,+0 falchion
 k - a +0,+0 scimitar (weapon)
 n - a -1,+0 war axe
Missiles
 e - 14 darts (quivered)
Armour
 b - a +0 scale mail (worn)
 c - a +0 shield (worn)
 i - a +0 pair of gloves (worn)
 j - a +1 dwarven cloak (worn)
Scrolls
 d - 2 scrolls of teleportation
 g - a scroll of enchant weapon I {unknown}
 l - 3 scrolls of blinking
 m - a scroll of magic mapping
 o - a scroll of identify
Potions
 f - a potion of cure mutation
 h - a potion of restore abilities


   Skills:
 + Level 3.3 Fighting
 * Level 3.3 Long Blades
 + Level 3.8 Armour
 - Level 3.0 Shields


You had 3 spell levels left.
You didn't know any spells.

Dungeon Overview and Level Annotations

Branches:
Dungeon (5/16)
 Temple: D:4-7

Altars:
Elyvilon
Fedhas
Nemelex Xobeh
Zin


Innate Abilities, Weirdness & Mutations

You are immune to all types of fire, even holy and hellish.
You are vulnerable to cold.
You need no food.
You have no legs.
You are immune to negative energy.


Message History

You throw a dart. The dart hits the ogre.
The ogre is lightly wounded.
Throwing (i - inventory):
e - 15 darts (quivered)
Press: ? - help, Shift-Dir - straight line, f/p - ogre
Aim: an ogre, wielding a giant club (lightly wounded)
You throw a dart. The dart hits the ogre.
The ogre is lightly wounded.
You slash the ogre!
The ogre is moderately wounded.
The ogre hits you with a giant club!
Ouch! That really hurt!
You hit the ogre but do no damage.
The ogre is moderately wounded.
The ogre barely misses you.
Drink which item? (? for menu, Esc to quit)
Okay, then.
You hit the ogre.
The ogre is heavily wounded.
The ogre hits you with a giant club!
You die...

#.. ..# #.# #####... ####
#.###...##.##...##
#.##.8.8.#.#.8.8.#
#.##.._..#.#.._..#
#########.##.8...#.#...8.#
...........##...'#.#'...#
...)........#####...#####.##
............((rO@.⌠........#
............#####...#####..#
...........##...'#.#%...#
...........#.8...#.#...8.#
...........#.._..#.#.._..#
.=.........#.8.8.#.#.8.8.#
...........##...##.##...##
...........#####... ####
........<..........


You could see an ogre and a quokka.

Vanquished Creatures
  A worker ant (D:4)
  3 adders
  A giant mite (D:5)
  A giant gecko (D:2)
  An orc (D:4)
  A bat (D:4)
  4 goblins
  4 hobgoblins
  A quokka (D:4)
  A giant newt (D:2)
  2 kobolds
  3 rats
23 creatures vanquished.

Notes
Turn   | Place    | Note
--------------------------------------------------------------
     0 | D:1      | 4tharraofdagon, the Djinni Fighter, began the quest for the Orb.
     0 | D:1      | Reached XP level 1. HP: 16/16 MP: 0/0
    43 | D:2      | Reached XP level 2. EP: 22/22
   275 | D:2      | Reached XP level 3. EP: 26/29
   642 | D:4      | Reached XP level 4. EP: 31/35
   696 | D:5      | Entered Level 5 of the Dungeon
   713 | D:5      | Found a white marble altar of Elyvilon.
   716 | D:5      | Found a glowing silver altar of Zin.
   719 | D:5      | Found a blossoming altar of Fedhas.
   722 | D:5      | Found a sparkling altar of Nemelex Xobeh.
   731 | D:5      | Became a worshipper of Zin the Law-Giver
   746 | D:5      | Noticed an ogre
   765 | D:5      | Slain by an ogre

Action                   |  1- 3 |  4- 6 || total
-------------------------+-------+-------++-------
Melee: Falchion          |    60 |       ||    60
       Scimitar          |    15 |     7 ||    22
       War axe           |     7 |       ||     7
Throw: Dart              |     2 |     3 ||     5
  Use: Scroll            |     6 |       ||     6
       Potion            |     2 |       ||     2
